 Dungeon Sprint DCSS version 0.19.5 (webtiles) character file.

7802 equalderp2856 the Eviscerator (level 11, -8/52 HPs)
             Began as a Felid Fighter on Mar 10, 2017.
             Was an Initiate of Gozag.
             Killed from afar by an iron dragon (38 damage)
             ... with a spray of metal splinters
             ... in the Dungeon (Sprint VII: "The Pits").
             The game lasted 00:17:58 (3739 turns).

equalderp2856 the Eviscerator (Felid Fighter)       Turns: 3739, Time: 00:17:58

Health: -8/52      AC:  6    Str: 13    XL:     11   Next: 1%
Magic:  0/21       EV: 34    Int: 12    God:    Gozag
Gold:   4301       SH:  0    Dex: 20    Spells: 1 memorised, 16 levels left
                                        Lives:  0   Deaths: 2

rFire  + . .     SeeInvis +       - Unarmed
rCold  + . .     Gourm    .     (armour unavailable)
rNeg   . . .     Faith    .     (shield unavailable)
rPois  .         Spirit   +     (helmet unavailable)
rElec  +         Reflect  .     (cloak unavailable)
rCorr  .         Harm     .     (gloves unavailable)
MR     +....     NoTele   +     (boots unavailable)
Stlth  +++++++...               G - amulet of the Trilobite {Spirit rElec rF+}
                                n - +3 ring of protection
                                m - +3 ring of dexterity

@: bribing [the Dungeon], quick
A: no armour, no weapons or thrown items, stealth, claws 1, fangs 3, see
invisible, carnivore 3, speed 1, shaggy fur 3, slow metabolism 1, sharp paws
a: Potion Petition, Call Merchant, Bribe Branch, Renounce Religion


You were in the Dungeon.
You worshipped Gozag.
Gozag was most pleased with you.
You were not hungry.

You visited 1 branch You collected 11198 gold pieces.
You paid 6897 gold pieces to Gozag.

Inventory:

Jewellery
 m - a +3 ring of dexterity (left paw)
 n - a +3 ring of protection (right paw)
 r - a +4 ring of evasion
 s - an uncursed ring of ice
 t - a +3 ring of dexterity
 w - the amulet "Acurch" {rC+ Regen+}
   (You found it in the Dungeon)

   [amulet of regeneration]

   It protects you from cold.
   It increases your rate of regeneration.
 x - the amulet "Plog" {RegenMP Str+9 Int+3}
   (You found it in the Dungeon)

   [amulet of magic regeneration]

   It increases your magic regeneration.
   It affects your strength (+9).
   It affects your intelligence (+3).
 y - the amulet of Cuelun {Gourm Int+3 Stlth+}
   (You found it in the Dungeon)

   [amulet of the gourmand]

   It allows you to eat raw meat even when not hungry.
   It affects your intelligence (+3).
   It makes you more stealthy.
 z - the amulet "Uffedd" {Spirit rElec rPois}
   (You found it in the Dungeon)

   [amulet of guardian spirit]

   It causes incoming damage to be split between your health and magic.
   It insulates you from electricity.
   It protects you from poison.
 A - the amulet "Zusudgh" {Reflect +Blink MR- Int+2 SH+3}
   (You found it in the Dungeon)

   [amulet of reflection]

   It shields you and reflects attacks.
   It affects your intelligence (+2).
   It affects your resistance to hostile enchantments.
   It lets you blink.
   It affects your SH (+3).
 B - the amulet "Dorabbu" {+Rage rElec rC+}
   (You found it in the Dungeon)

   [amulet of rage]

   It protects you from cold.
   It insulates you from electricity.
   It lets you go berserk.
 C - the ring of the Mantidfly {*Contam +Blink rN+ Dex+6}
   (You found it in the Dungeon)

   [ring of positive energy]

   It affects your dexterity (+6).
   It protects you from negative energy.
   It lets you blink.
   It causes magical contamination when unequipped.
 D - the amulet of Dutemp {Regen+ Str+3 Int+3 Stlth+}
   (You found it in the Dungeon)

   [amulet of regeneration]

   It affects your strength (+3).
   It affects your intelligence (+3).
   It increases your rate of regeneration.
   It makes you more stealthy.
 E - the ring "Botruh" {Str-3 Slay+3}
   (You found it in the Dungeon)

   [ring of strength]

   It affects your strength (-3).
   It affects your accuracy and damage with ranged weapons and melee attacks
   (+3).
 G - the amulet of the Trilobite (around neck) {Spirit rElec rF+}
   (You found it in the Dungeon)

   [amulet of guardian spirit]

   It causes incoming damage to be split between your health and magic.
   It protects you from fire.
   It insulates you from electricity.
Scrolls
 j - 3 scrolls of remove curse
 k - 5 scrolls of amnesia
 l - a scroll of summoning
 u - 2 scrolls of recharging
 v - a scroll of fog
Potions
 a - 3 potions of might
 c - 8 potions of curing
 d - 4 potions of heal wounds
 e - 2 potions of haste
 f - 4 potions of magic
 g - 4 potions of berserk rage
 i - 2 potions of invisibility
 o - 2 potions of brilliance
 p - 2 potions of cure mutation
 q - a potion of resistance
Books
 F - a book of the Earth

   Spells                             Type                      Level
   a - Leda's Liquefaction            Hexes/Earth                  4
   b - Bolt of Magma                  Conjuration/Fire/Earth       5
   c - Statue Form                    Transmutation/Earth          6
   d - Iron Shot                      Conjuration/Earth            6
   e - Shatter                        Earth                        9
Comestibles
 b - 7 meat rations


   Skills:
 - Level 8.6 Fighting
 - Level 17.0 Dodging
 - Level 16.6 Stealth
 - Level 22.0 Unarmed Combat
 * Level 6.4 Spellcasting
 * Level 6.4 Conjurations
 * Level 6.4 Earth Magic


You had 16 spell levels left.
You knew the following spells:

 Your Spells              Type           Power        Failure   Level  Hunger
a - Iron Shot             Conj/Erth      ###.......   99%         6    #######


Dungeon Overview and Level Annotations

Branches:
Dungeon (1/1)

Altars:
Ashenzari
Cheibriados
Dithmenos
Elyvilon
Fedhas
Gozag
Hepliaklqana
Kikubaaqudgha
Makhleb
Nemelex Xobeh
Okawaru
Qazlal
Ru
Sif Muna
Trog
Uskayaw
Vehumet
Xom
Yredelemnul
Zin
The Shining One
Beogh
Jiyva
Lugonu

Shops:
D ?


Innate Abilities, Weirdness & Mutations

You cannot wear armour.
You are incapable of wielding weapons or throwing items.
Your paws allow you to move quietly. (Stealth)
You have sharp claws.
You have razor-sharp teeth.
You have supernaturally acute eyesight. (SInv)
You are carnivorous and can eat meat at any time.
You cover ground quickly.
Your thick and shaggy fur keeps you warm. (AC +3, rC+)
You have a slow metabolism.
Your sharp claws are effective at attacking unaware monsters.


Message History

There is a huge open gate to the Main Hall (Safe) here.
Things that are here:
a whip of holy wrath; a robe
There is a large open door to the Armoury (Hard) here.
Things that are here:
a battleaxe; a chain mail
Items here: )) [[ a glowing war axe; a shiny plate armour; a halberd; a plate armour You see here a trident.
The iron dragon breathes metal splinters at you.
The spray of metal splinters misses you.
Things that are here:
a battleaxe; a plate armour The iron dragon breathes metal splinters at you.
The spray of metal splinters hits you!
The iron dragon breathes metal splinters at you.
The spray of metal splinters hits you!
Ouch! That really hurt!
You die...
Your body crumbles into a pile of gold.

#...........D...............
#............).......)(..)..
#..##############D'#########
#..#))'...'))#........#[['..
#..#))#..)#))#........#[[#..
#..####...#######..#######..
#..#.........#.)......#.)...
#..#.......))..))....))..)..
#..#.....D.@)#..).))).#.....
######..##'###'##.####..####.##'#
........#))))#))#.#((####((#d#[[#
..C.....#))))#))#.'((# #(('.#[<#
###################### #########
### ########################### #
..# #...........'..##=======A=###
..###...........#.?##===.""=###..
..'.##.........##..##.....###....


You could see an iron dragon.

Vanquished Creatures
  A ghost moth (D)
  A vault guard (D)
  2 catoblepae (D)
  2 hydras (D)
  A naga warrior (D)
  An orc high priest (D)
  A shadow wraith (D)
  An unseen horror (D)
  A sea snake (D)
  A swamp dragon (D)
  A black mamba (D)
  A naga mage (D)
  2 elephants (D)
  2 rime drakes (D)
  A demonic crawler (D)
  2 ice devils (D)
  A red devil (D)
  A guardian mummy (D)
  A wind drake (D)
  A polar bear (D)
  A hippogriff (D)
  8 blink frogs (D)
  A snapping turtle (D)
  A redback (D)
  A water elemental (D)
  2 basilisks (D)
  2 hungry ghosts (D)
  A golden eye (shapeshifter) (D)
  2 vampire mosquitoes (D)
  A warg (D)
  2 porcupines (D)
  An ice beast (D)
  A sky beast (D)
  A necrophage (D)
  A crocodile (D)
  Blork the orc (D)
  A gnoll sergeant (D)
  A small abomination (D)
  4 killer bees (D)
  An orc priest (D)
  A hell rat (D)
  A worker ant (D)
  3 gnolls (D)
  A river rat (D)
  An ufetubus (D)
  5 orcs (D)
  2 ball pythons (D)
  A bat zombie (D)
  A giant cockroach (D)
  7 jackals (D)
  2 bats (D)
  2 frilled lizards (D)
  A kobold (D)
  A leopard gecko zombie (D)
88 creatures vanquished.

Vanquished Creatures (collateral kills)
  An orc warlord (D)
  An angel (D)
  A vampire knight (D)
  A deep elf death mage (D)
  A deep elf annihilator (D)
  A deep elf high priest (D)
  A vault guard (D)
  An anaconda (D)
  2 hell knights (D)
  2 dancing weapons (D)
  A naga mage (D)
  An unseen horror (D)
  A necromancer (D)
  2 orc knights (D)
  A guardian serpent (D)
  A yaktaur (D)
  3 redbacks (D)
  A neqoxec (D)
  A white imp (D)
24 creatures vanquished.

Vanquished Creatures (others)
  Margery (D)
  A Killer Klown (D)
  A lich (D)
  A deep elf master archer (D)
  2 sphinxes (D)
  An Executioner (D)
  2 nagarajas (D)
  A draconian shifter (D)
  An orc warlord (D)
  2 draconian knights (D)
  A draconian zealot (D)
  A stone giant (D)
  An ophan (D)
  A green draconian (D)
  A deep elf demonologist (D)
  A vampire knight (D)
  2 red draconians (D)
  A deep elf annihilator (D)
  A white draconian (D)
  A deep elf death mage (D)
  A green death (D)
  A blizzard demon (D)
  A deep elf high priest (D)
  2 vault guards (D)
  A naga warrior (D)
  A death knight (D)
  An ogre mage (D)
  A death yak (D)
  A deep elf knight (D)
  12 hell knights (D)
  An iron troll (D)
  A wizard (D)
  A cyclops (D)
  A flayed ghost (D)
  A guardian serpent (D)
  2 necromancers (D)
  8 orc knights (D)
  An elephant (D)
  A rust devil (D)
  Joseph (D)
  An efreet (D)
  A red devil (D)
  A bog body (D)
  A redback (D)
  An orc warrior (D)
  2 orc wizards (D)
  2 gnolls (D)
  2 orcs (D)
  A rat (D)
76 creatures vanquished.

Grand Total: 188 creatures vanquished

Notes
Turn   | Place    | Note
-------+----------+-------------------------------------------
     0 | D        | equalderp2856 the Felid Fighter began the quest for the Orb.
     0 | D        | Reached XP level 1. HP: 10/10 MP: 2/2
   198 | D        | Found a radiant altar of Vehumet.
   198 | D        | Found a hide-covered altar of Uskayaw.
   198 | D        | Found an ancient bone altar of Kikubaaqudgha.
   198 | D        | Found a viscous altar of Jiyva.
   198 | D        | Found a hazy altar of Hepliaklqana.
   199 | D        | Found a bloodstained altar of Trog.
   199 | D        | Found a deep blue altar of Sif Muna.
   199 | D        | Found a sacrificial altar of Ru.
   199 | D        | Found a stormy altar of Qazlal.
   199 | D        | Found an iron altar of Okawaru.
   199 | D        | Found a sparkling altar of Nemelex Xobeh.
   199 | D        | Found an opulent altar of Gozag.
   199 | D        | Found a blossoming altar of Fedhas.
   199 | D        | Found a white marble altar of Elyvilon.
   199 | D        | Found a shadowy altar of Dithmenos.
   199 | D        | Found a snail-covered altar of Cheibriados.
   200 | D        | Found a glowing golden altar of the Shining One.
   200 | D        | Found a glowing silver altar of Zin.
   202 | D        | Found a roughly hewn altar of Beogh.
   202 | D        | Found a burning altar of Makhleb.
   202 | D        | Found a basalt altar of Yredelemnul.
   203 | D        | Found a shattered altar of Ashenzari.
   203 | D        | Found a corrupted altar of Lugonu.
   203 | D        | Found a shimmering altar of Xom.
   205 | D        | Became a worshipper of Gozag Ym Sagoz the Greedy
   222 | D        | Reached skill level 5 in Unarmed Combat
   226 | D        | Reached XP level 2. HP: 10/14 MP: 3/3
   331 | D        | Reached skill level 5 in Dodging
   338 | D        | Noticed a porcupine
   458 | D        | Noticed a warg
   459 | D        | Noticed Blork the orc
   459 | D        | Noticed a hungry ghost
   469 | D        | Noticed a sky beast
   472 | D        | Killed a warg
   472 | D        | Reached skill level 1 in Stealth
   472 | D        | Reached skill level 8 in Unarmed Combat
   472 | D        | Reached XP level 3. HP: 18/18 MP: 4/4
   472 | D        | Reached XP level 4. HP: 22/22 MP: 5/5
   476 | D        | Reached XP level 5. HP: 19/25 MP: 6/6
   489 | D        | Killed a hungry ghost
   489 | D        | Reached skill level 5 in Fighting
   489 | D        | Reached skill level 10 in Unarmed Combat
   489 | D        | Gained mutation: You are covered in thick fur. (AC +2) [Felid growth]
   489 | D        | Reached XP level 6. HP: 17/30 MP: 7/7
   498 | D        | Killed a sky beast
   498 | D        | Reached skill level 11 in Unarmed Combat
   506 | D        | Killed Blork the orc
   506 | D        | Reached skill level 10 in Dodging
   605 | D        | Noticed a hungry ghost
   612 | D        | Killed a hungry ghost
   612 | D        | Reached skill level 12 in Unarmed Combat
   612 | D        | Reached XP level 7. HP: 34/34 MP: 8/8
   623 | D        | Noticed a sea snake
   629 | D        | Killed a sea snake
   629 | D        | Reached skill level 5 in Stealth
   629 | D        | Reached skill level 13 in Unarmed Combat
   629 | D        | Reached XP level 8. HP: 25/39 MP: 9/9
   693 | D        | Reached skill level 14 in Unarmed Combat
   989 | D        | Noticed a blink frog
   995 | D        | Noticed an ice devil
   995 | D        | Noticed a blink frog
   995 | D        | Noticed a blink frog
   997 | D        | Noticed a blink frog
   998 | D        | Noticed a blink frog
   999 | D        | Noticed a polar bear
   999 | D        | Killed a blink frog
   999 | D        | Reached skill level 15 in Unarmed Combat
  1038 | D        | Killed an ice devil
  1038 | D        | Reached XP level 9. HP: 25/43 MP: 10/10
  1069 | D        | Reached skill level 16 in Unarmed Combat
  1098 | D        | Killed a polar bear
  1148 | D        | Noticed an orc high priest
  1159 | D        | Noticed a rust devil
  1164 | D        | Killed an orc high priest
  1164 | D        | Reached skill level 17 in Unarmed Combat
  1191 | D        | Noticed a demonic crawler
  1191 | D        | Noticed a rime drake
  1225 | D        | Killed a rime drake
  1225 | D        | Reached XP level 10. HP: 38/48 MP: 11/11
  1340 | D        | Noticed a catoblepas
  1344 | D        | Killed a catoblepas
  1344 | D        | Reached skill level 18 in Unarmed Combat
  1345 | D        | Reached skill level 15 in Dodging
  1367 | D        | Noticed a black mamba
  1387 | D        | Noticed an elephant
  1391 | D        | Killed an elephant
  1407 | D        | Killed a black mamba
  1551 | D        | Noticed a flayed ghost
  1556 | D        | Reached skill level 10 in Stealth
  1556 | D        | Reached skill level 19 in Unarmed Combat
  1614 | D        | Noticed a swamp dragon
  1622 | D        | Killed a swamp dragon
  1626 | D        | Noticed a five-headed hydra
  1627 | D        | Noticed a shadow wraith
  1639 | D        | Killed a flayed ghost
  1648 | D        | Reached XP level 11. HP: 48/51 MP: 12/12
  1824 | D        | Killed a five-headed hydra
  1824 | D        | Reached skill level 20 in Unarmed Combat
  1870 | D        | Killed a shadow wraith
  1948 | D        | Noticed an unseen horror
  1952 | D        | Killed an unseen horror
  2162 | D        | Noticed a catoblepas
  2162 | D        | Noticed an unseen horror
  2166 | D        | Killed an unseen horror
  2169 | D        | Killed a catoblepas
  2217 | D        | Noticed a vampire knight
  2220 | D        | Noticed Joseph
  2228 | D        | Killed a vampire knight
  2228 | D        | Reached skill level 21 in Unarmed Combat
  2254 | D        | Noticed a hand axe of electrocution
  2254 | D        | Noticed a hell knight
  2255 | D        | Noticed a yellow draconian knight
  2255 | D        | Noticed a hell knight
  2255 | D        | Noticed a hell knight
  2256 | D        | Noticed a sphinx
  2256 | D        | Noticed an ogre mage
  2258 | D        | Killed a deep elf annihilator
  2258 | D        | Reached skill level 15 in Stealth
  2260 | D        | Killed a hand axe of electrocution
  2264 | D        | Killed a sphinx
  2265 | D        | Noticed Margery
  2266 | D        | Killed a deep elf high priest
  2267 | D        | Noticed a hell knight
  2267 | D        | Your ally died
  2268 | D        | Killed a yellow draconian knight
  2269 | D        | Noticed a necromancer
  2270 | D        | Noticed a lich
  2270 | D        | Noticed a hell knight
  2270 | D        | Noticed a vampire mage
  2270 | D        | Noticed a hell knight
  2270 | D        | Noticed a necromancer
  2271 | D        | Killed a nagaraja
  2272 | D        | Noticed a wizard
  2273 | D        | Noticed a hell knight
  2273 | D        | Noticed a deep elf demonologist
  2275 | D        | Killed an ogre mage
  2278 | D        | Noticed an eight-headed hydra
  2278 | D        | Killed a lich
  2281 | D        | Noticed a black draconian knight
  2281 | D        | Killed a wizard
  2281 | D        | Killed a necromancer
  2283 | D        | Noticed a black draconian zealot
  2283 | D        | Noticed a nagaraja
  2284 | D        | Noticed a hell knight
  2285 | D        | Killed a hell knight
  2286 | D        | Killed an eight-headed hydra
  2286 | D        | Gained mutation: Your thick and shaggy fur keeps you warm. (AC +3, rC+) [Felid growth]
  2286 | D        | Reached XP level 12. HP: 50/56 MP: 13/13
  2288 | D        | Killed a hell knight
  2289 | D        | Killed a black draconian zealot
  2289 | D        | Your ally died
  2295 | D        | Noticed a daeva
  2298 | D        | Noticed a deep elf annihilator
  2304 | D        | Killed a deep elf death mage
  2310 | D        | Noticed a ghostly deep elf death mage
  2315 | D        | Reached skill level 22 in Unarmed Combat
  2436 | D        | Got the amulet "Acurch" {rC+ Regen+}
  2438 | D        | Got the amulet "Plog" {RegenMP Str+9 Int+3}
  2441 | D        | Got the amulet of Cuelun {Gourm Int+3 Stlth+}
  2444 | D        | Got the amulet "Uffedd" {Spirit rElec rPois}
  2446 | D        | Got the amulet "Zusudgh" {Reflect +Blink MR- Int+2 SH+3}
  2448 | D        | Got the amulet "Dorabbu" {+Rage rElec rC+}
  2450 | D        | Got the ring of the Mantidfly {*Contam +Blink rN+ Dex+6}
  2452 | D        | Got the amulet of Dutemp {Regen+ Str+3 Int+3 Stlth+}
  2456 | D        | Got the ring "Botruh" {Str-3 Slay+3}
  2494 | D        | Learned a level 6 spell: Iron Shot
  2591 | D        | Got the amulet of the Trilobite {Spirit rElec rF+}
  2743 | D        | Noticed a vampire knight
  2757 | D        | Killed an orc warlord
  2757 | D        | Reached skill level 1 in Spellcasting
  2757 | D        | Reached skill level 1 in Conjurations
  2757 | D        | Reached skill level 1 in Earth Magic
  2788 | D        | Noticed an anaconda
  2788 | D        | Noticed an orc warlord
  2792 | D        | Killed an orc warlord
  2796 | D        | Slain by an orc knight
  2797 | D        | Reached XP level 11. HP: -3/52 MP: 0/15
  2800 | D        | Killed an anaconda
  2807 | D        | Noticed a deep elf knight
  2815 | D        | Killed a deep elf knight
  2829 | D        | Killed an orc knight
  2840 | D        | Killed a vault guard
  2855 | D        | Killed a death yak
  2993 | D        | Noticed a naga warrior
  3008 | D        | Noticed a naga warrior
  3012 | D        | Noticed a vault guard
  3013 | D        | Noticed an orc knight
  3013 | D        | Noticed a vault guard
  3016 | D        | Noticed a vault guard
  3016 | D        | Noticed a long sword of holy wrath
  3018 | D        | Killed a naga warrior
  3027 | D        | Killed a vault guard
  3033 | D        | Killed a long sword of holy wrath
  3038 | D        | Killed a vault guard
  3079 | D        | Noticed a deep elf knight
  3080 | D        | Noticed a red draconian
  3175 | D        | Noticed a deep elf master archer
  3176 | D        | Noticed a stone giant
  3176 | D        | Noticed an angel
  3177 | D        | Noticed a deep elf death mage
  3180 | D        | Killed a deep elf death mage
  3180 | D        | Reached skill level 5 in Spellcasting
  3180 | D        | Reached skill level 5 in Conjurations
  3181 | D        | Reached skill level 5 in Earth Magic
  3197 | D        | Killed an angel
  3208 | D        | Killed a death knight
  3210 | D        | Killed a stone giant
  3251 | D        | Killed an iron troll
  3254 | D        | Killed an ophan
  3272 | D        | Killed a black draconian knight
  3279 | D        | Noticed an Executioner
  3281 | D        | Noticed a deep elf high priest
  3282 | D        | Noticed a red draconian
  3285 | D        | Killed a deep elf high priest
  3286 | D        | Killed a red draconian
  3309 | D        | Slain by an Executioner
  3310 | D        | Reached XP level 10. HP: -3/49 MP: 0/19
  3353 | D        | Killed an Executioner
  3451 | D        | Noticed a ghost moth
  3452 | D        | Noticed a green death
  3453 | D        | Noticed a storm dragon
  3457 | D        | Noticed a white draconian
  3463 | D        | Noticed an iron dragon
  3463 | D        | Noticed a blizzard demon
  3467 | D        | Noticed a Killer Klown
  3468 | D        | Noticed a black draconian shifter
  3468 | D        | Killed a black draconian shifter
  3469 | D        | Noticed a green draconian
  3469 | D        | Noticed a rust devil
  3469 | D        | Noticed a sphinx
  3471 | D        | Noticed an ice dragon
  3472 | D        | Noticed a fire dragon
  3472 | D        | Noticed a shadow dragon
  3472 | D        | Noticed an iron dragon
  3474 | D        | Noticed a golden dragon
  3474 | D        | Killed a blizzard demon
  3480 | D        | Noticed a purple draconian
  3480 | D        | Noticed a green death
  3485 | D        | Killed a rust devil
  3503 | D        | Killed a green death
  3506 | D        | Killed a white draconian
  3561 | D        | Killed a ghost moth
  3561 | D        | Reached XP level 11. HP: 44/52 MP: 1/21
  3579 | D        | Killed a deep elf annihilator
  3685 | D        | Noticed an electric golem
  3739 | D        | Killed from afar by an iron dragon

Skill      XL: |  1  2  3  4  5  6  7  8  9 10 11 12 |
---------------+-------------------------------------+-----
Unarmed Combat | 5 8 10 12 13 15 17 19 21 22 | 22.0
Dodging        | 7 8 9 10 11 12 14 15 16 17 | 17.0
Fighting       | 4 5 6 7 8 |  8.6
Stealth        | 1 2 3 5 7 9 11 16 | 16.6
Spellcasting   | 6 5 2 |  6.4
Conjurations   | 6 5 2 |  6.4
Earth Magic    | 6 5 2 |  6.4

Action                   |  1- 3 |  4- 6 |  7- 9 | 10-12 || total
-------------------------+-------+-------+-------+-------++-------
Melee: Unarmed           |    40 |    37 |   109 |   139 ||   325
       Bite              |     3 |     8 |    10 |    14 ||    35
       Punch             |       |     1 |     4 |    20 ||    25
Invok: Bribe Branch      |       |       |       |     2 ||     2
       Potion Petition   |       |       |       |     2 ||     2
       Call Merchant     |       |       |       |     1 ||     1
  Use: Potion            |     1 |     1 |     4 |     7 ||    13
       Scroll            |       |       |       |     2 ||     2
 Stab: Sleeping          |     1 |       |     3 |    13 ||    17
       Distracted        |       |       |       |     5 ||     5
  Eat: Chunk             |     3 |       |       |       ||     3
       Meat ration       |       |       |     1 |       ||     1
Armor: Skin              |     4 |     1 |     3 |     8 ||    16
Dodge: Dodged            |    59 |    23 |   102 |   177 ||   361
